 Dungeon Crawl Stone Soup version 0.31-a0-115-g4708a659fe (webtiles) character file.

Game seed: 17063712011143269883

899 Angani the Digger (level 8, -8/57 HPs)
             Began as a Meteoran Earth Elementalist on May 30, 2023.
             Mangled by a sleepcap (9 damage)
             ... on level 5 of the Dungeon.
             The game lasted 00:07:40 (983 turns).

Angani the Digger (Meteoran Earth Elementalist)      Turns: 983, Time: 00:07:40

Health: -8/57      AC:  2    Str:  9    XL:     8   Next: 53%
Magic:  10/18      EV:  2    Int: 19    God:
Gold:   132        SH:  0    Dex: 15    Spells: 10/19 levels left

rFire   . . .        e - staff of conjuration
rCold   . . .        (no shield)
rNeg    . . .        a - +0 robe
rPois   +            (no helmet)
rElec   .            (no cloak)
rCorr   .            (no gloves)
SInv    .            (no boots)
Will    +....        f - amulet of reflection
Stlth   +            c - +5 ring of evasion
HPRegen 0.29/turn    g - ring of poison resistance
MPRegen 0.16/turn

%: reflection
@: sleeping, glowing
A: sense surroundings 1, otherworldly, glowing, explore regen
a: no special abilities


You were on level 5 of the Dungeon.
You visited 1 branch of the dungeon, and saw 5 of its levels.

You collected 132 gold pieces.

Inventory:

Missiles
 j - a throwing net
Armour
 a - a +0 robe (worn)
Magical Staves
 e - a staff of conjuration (weapon)
Jewellery
 c - a +5 ring of evasion (left hand)
 f - an amulet of reflection (around neck)
 g - a ring of poison resistance (right hand)
Scrolls
 h - a scroll of enchant armour {unknown}
 i - a scroll of vulnerability
Potions
 b - a potion of magic
 d - 4 potions of attraction


   Skills:
 - Level 2.4 Dodging
 - Level 1.4 Stealth
 + Level 6.2 Spellcasting
 + Level 5.4 Conjurations
 + Level 3.8 Summonings
 - Level 1.2 Transmutations
 + Level 6.7 Earth Magic


You had 10 spell levels left.
You knew the following spells:

 Your Spells              Type           Power      Damage    Failure   Level
a - Sandblast             Erth           62%        2d14      1%          1
b - Passwall              Tmut/Erth      17%        N/A       3%          2
c - Stone Arrow           Conj/Erth      86%        3d12      2%          3
d - Call Canine Familiar  Summ           20%        N/A       7%          3

Your spell library contained the following spells:

 Spells                   Type           Power      Damage    Failure   Level
 Scorch                   Fire           10%        2d5       17%         2
 Petrify                  Tmut/Erth      21%        N/A       22%         4
 Leda's Liquefaction      Hex/Erth       9%         N/A       26%         4
 Portal Projectile        Hex/Tloc       10%        N/A       32%         3
 Flame Wave               Conj/Fire      24%        2d8       34%         4
 Summon Cactus Giant      Summ           10%        N/A       98%         6


Dungeon Overview and Level Annotations

Branches:
Dungeon (5/15) Zot: 1968
 Temple: D:4-7

Altars:
Elyvilon
Makhleb
Trog
Wu Jian
Yredelemnul

Shops:
D:1 *   D:2 =


Innate Abilities, Weirdness & Mutations

You passively map a small area around you.
You are easily found by Zot.
You glow in the dark.
You regain HP and MP as you explore.


Message History

You are engulfed in a cloud of soporific spores!
You fall asleep.
The kobold completely misses you.
The kobold hits you with a +0 short sword.
You wake up.
* * * LOW HITPOINT WARNING * * *
The sleepcap releases spores at you!
* * * LOW HITPOINT WARNING * * *
You are engulfed in a cloud of soporific spores!
You are unaffected.
Aiming: Sandblast (safe; 1% risk of failure)
Press: ? - help, Q - select action, (/) - cycle Shift-Dir - straight line, f/p - sleepcap
Aim: a sleepcap (heavily damaged, 100% to hit)
The blast of sand hits the sleepcap but does no damage.
The sleepcap is heavily damaged.
You block the kobold's attack. The sleepcap releases spores at you.
* * * LOW HITPOINT WARNING * * *
You are engulfed in a cloud of soporific spores!
You are unaffected.
Aiming: Sandblast (safe; 1% risk of failure)
Press: ? - help, Q - select action, (/) - cycle Shift-Dir - straight line, f/p - sleepcap
Aim: a sleepcap (heavily damaged, 100% to hit)
The blast of sand hits the sleepcap.
The sleepcap is severely damaged.
You block the sleepcap's attack.
The kobold hits you with a +0 short sword.
* * * LOW HITPOINT WARNING * * *
The sleepcap misses you. The kobold closely misses you.
Unknown command.
Aiming: Sandblast (safe; 1% risk of failure)
Press: ? - help, Q - select action, (/) - cycle Shift-Dir - straight line, f/p - sleepcap
Aim: a sleepcap (severely damaged, 100% to hit)
The blast of sand hits the sleepcap.
The sleepcap is almost destroyed.
The kobold closely misses you. The sleepcap releases spores at you.
* * * LOW HITPOINT WARNING * * *
You are engulfed in a cloud of soporific spores!
You fall asleep.
The sleepcap releases spores at you!
You die...

#.#,..# ..8888.
#.##.##.....8.
##..#......_.8.
##............8. ,
##.,#.K..<.).....,
##..###...........
##..#>...#.)....#.#
#...##).##..)).....,
#...@K..###...)#.##
##...f###<[........
* ####..# .##...#..
, ####, # ...# , * *
, ... * * * , , * ,
* * * , *, * *


You could see a sleepcap and a kobold.

Vanquished Creatures
  Grinder (D:4)
  Pargi (D:3)
  A black bear (D:4)
  A kobold brigand (D:5)
  A jelly (D:5)
  2 hounds (D:4)
  A sleepcap (D:4)
  Natasha (twice) (D:2)
  4 gnolls (D:4)
  2 adders (D:2)
  An orc (D:5)
  7 endoplasms
  A giant cockroach (D:2)
  2 goblins
  7 hobgoblins
  2 quokkas
  5 ball pythons
  3 bats
  2 frilled lizards
  10 kobolds
  4 rats
60 creatures vanquished.

Vanquished Creatures (collateral kills)
  Sigmund (D:4)
1 creature vanquished.

Grand Total: 61 creatures vanquished

Notes
Turn   | Place    | Note
-------+----------+-------------------------------------------
     0 | D:1      | Angani the Meteoran Earth Elementalist began the quest for
                  | the Orb.
     0 | D:1      | Reached XP level 1. HP: 14/14 MP: 5/5
    54 | D:1      | Reached XP level 2. HP: 20/20 MP: 3/6
    95 | D:1      | Reached skill level 1 in Conjurations
   122 | D:1      | Found Neblil's Assorted Antiques.
   220 | D:2      | Reached XP level 3. HP: 26/26 MP: 6/8
   224 | D:2      | Learned a level 2 spell: Passwall
   228 | D:2      | Learned a level 3 spell: Stone Arrow
   262 | D:2      | Noticed Natasha
   268 | D:2      | Killed Natasha
   269 | D:2      | Reached XP level 4. HP: 30/33 MP: 5/10
   357 | D:2      | Found Cidghy's Jewellery Shoppe.
   357 | D:2      | Noticed Natasha
   361 | D:2      | Killed Natasha
   362 | D:2      | Reached XP level 5. HP: 38/38 MP: 7/12
   412 | D:3      | Noticed Pargi
   416 | D:3      | Killed Pargi
   417 | D:3      | Reached skill level 5 in Earth Magic
   417 | D:3      | Reached XP level 6. HP: 31/45 MP: 3/13
   506 | D:3      | Found a basalt altar of Yredelemnul.
   530 | D:3      | Learned a level 3 spell: Call Canine Familiar
   643 | D:4      | Found an ornate altar of the Wu Jian Council.
   650 | D:4      | Found a bloodstained altar of Trog.
   665 | D:4      | Noticed a black bear
   670 | D:4      | Killed a black bear
   671 | D:4      | Reached skill level 5 in Spellcasting
   671 | D:4      | Reached skill level 1 in Summonings
   671 | D:4      | Reached XP level 7. HP: 30/50 MP: 2/15
   698 | D:4      | Noticed Sigmund
   732 | D:4      | Found a burning altar of Makhleb.
   783 | D:4      | Killed Sigmund
   804 | D:4      | Noticed Grinder
   826 | D:4      | Paralysed by Grinder for 4 turns
   841 | D:4      | Killed Grinder
   842 | D:4      | Reached skill level 5 in Conjurations
   842 | D:4      | Reached XP level 8. HP: 16/57 MP: 1/18
   960 | D:5      | Entered Level 5 of the Dungeon
   960 | D:5      | Found a white marble altar of Elyvilon.
   982 | D:5      | HP: 1/57 [sleepcap (6)]
   983 | D:5      | Mangled by a sleepcap

Illustrated notes

Levels and vault maps discovered:
D:1:      grunt_arrival_crossed_arrows, layout_basic, serial_shops, shop
D:2:      layout_rooms, serial_shops, shop, uniq_natasha
D:3:      layout_loops_cross, nicolae_yredelemnul_corpse_copse, uniq_pargi
D:4:      layout_basic, mainiacjoe_overflow_big_doors, makhleb_heckhound_becter,
          uniq_grinder, uniq_sigmund
D:5:      layout_layer_cave, zin_statuary, mainiacjoe_overflow_chevrons,
          minmay_puff, uniq_ijyb

Skill      XL: |  1  2  3  4  5  6  7 |
---------------+----------------------+-----
Spellcasting   | 3 4 5 6 |  6.2
Conjurations   | 1 2 3 4 5 |  5.4
Earth Magic    | 4 5 6 |  6.7
Summonings     | 1 3 |  3.8
Dodging        | |  2.4
Stealth        | |  1.4
Transmutations | |  1.2

Action                     |  1- 3 |  4- 6 |  7- 9 || total
---------------------------+-------+-------+-------++-------
  Melee: Unarmed           |     2 |       |       ||     2
   Cast: Sandblast         |    28 |    37 |    33 ||    98
         Stone Arrow       |       |     7 |     5 ||    12
         Passwall          |       |     1 |     1 ||     2
         Call Canine Famil |       |       |     5 ||     5
    Use: Scroll            |     5 |     2 |       ||     7
 Armour: Robe              |     2 |     5 |       ||     7
  Dodge: Dodged            |    10 |    31 |    21 ||    62
  Block: Other             |       |     1 |     7 ||     8
         Reflection        |       |       |     1 ||     1

Table legend: (Time is in decaauts)
 A = Elapsed time spent in this place.
 B = Non-inter-level travel time spent in this place.
 C = Inter-level travel time spent in this place.
 D = Time resting spent in this place.
 E = Time spent auto-exploring this place.
 F = Levels seen in this place.
 G = Mean time per level.
                   A        B        C        D        E       F      G
               +--------+--------+--------+--------+--------+-----+--------+
         Total |   1030 |    989 |     41 |      0 |      0 |   5 |  206.0 |
       Dungeon |   1030 |    989 |     41 |      0 |      0 |   5 |  206.0 |
               +--------+--------+--------+--------+--------+-----+--------+

Top non-repeatable levels by time:
     D:4: 425 daAuts
     D:1: 227 daAuts
     D:2: 197 daAuts
     D:3: 151 daAuts
     D:5: 29 daAuts
